 Dungeon Crawl Stone Soup version 0.29.0-15-g675c0067aa (webtiles) character file.

Game seed: 4924110554221465283

14769 qw the Severer (level 11, 0/99 HPs)
             Began as a Minotaur Berserker on Sept 11, 2022.
             Was an Elder of Trog.
             Slain by a reaper
             ... wielding a +1 scythe of flaming
              (1 damage)
             ... on level 1 of the Abyss.
             The game lasted 00:05:20 (12200 turns).

qw the Severer (Minotaur Berserker)                Turns: 12200, Time: 00:05:20

Health: 0/99       AC: 26    Str: 27    XL:     11   Next: 93%
Magic:  10/10      EV: 11    Int:  9    God:    Trog [****..]
Gold:   351        SH:  6    Dex: 15    Spells: 10/10 levels left

rFire   + . .      SeeInvis .   Y - +2 war axe
rCold   + . .      Faith    .   b - +0 buckler
rNeg    . . .      Spirit   .   q - +4 crystal plate armour
rPois   +          Reflect  .   (helmet restricted)
rElec   +          Harm     .   n - scarf {rC+ rF+}
rCorr   .          Rampage  .   g - +0 pair of gloves of Qyckuw {rPois Dex+4 Stlth-}
Will    +....      Rage     9%  (no boots)
Stlth   ..........              i - amulet of regeneration
HPRegen 1.06/turn               a - ring "Pust" {rElec Will+ Str+2 Int+5}
MPRegen 0.12/turn               m - +4 ring of evasion

@: on berserk cooldown, slowed, very slow
A: horns 2, retaliatory headbutt, [berserk 2], [deterioration 1]
a: Renounce Religion, Berserk, Trog's Hand, Brothers in Arms


You were on level 1 of the Abyss.
You worshipped Trog.
Trog was greatly pleased with you.
You visited 2 branches of the dungeon, and saw 11 of its levels.
You visited the Abyss 1 time.

You collected 726 gold pieces.
You spent 375 gold pieces at shops.


Innate Abilities, Weirdness & Mutations

You have a pair of horns on your head.
You reflexively headbutt those who attack you in melee.
[You have an uncontrollable temper.]
[Your body sometimes deteriorates upon taking damage.]


   Skills:
 - Level 10.1 Fighting
 - Level 16.0 Axes
 - Level 2.9 Throwing
 + Level 11.0 Armour
 - Level 4.2 Dodging
 - Level 7.5 Shields


You had 10 spell levels left.
You didn't know any spells.
Your spell library was empty.

Inventory:

Hand Weapons
 e - a +0 hand axe of flaming
 Y - a +2 war axe (weapon)
Missiles
 o - 2 boomerangs (quivered)
Armour
 b - a +0 buckler (worn)
 g - the +0 pair of gloves of Qyckuw (worn) {rPois Dex+4 Stlth-}
   (You acquired it on level 3 of the Dungeon)

   Dex:       It affects your dexterity (+4).
   rPois:     It protects you from poison.
   Stlth:     It makes you less stealthy.
 n - a scarf of resistance (worn)
 q - a +4 crystal plate armour (worn)
Jewellery
 a - the ring "Pust" (left hand) {rElec Will+ Str+2 Int+5}
   (You acquired it on level 1 of the Dungeon)

   [ring of willpower]

   Str:       It affects your strength (+2).
   Int:       It affects your intelligence (+5).
   rElec:     It insulates you from electricity.
   Will:      It increases your willpower.
 c - a ring of protection from cold
 i - an amulet of regeneration (around neck)
 l - a ring of fire
 m - a +4 ring of evasion (right hand)
 p - a ring of see invisible
Scrolls
 j - a scroll of identify
Potions
 d - 8 potions of curing
 h - a potion of haste
 r - a potion of brilliance {unknown}

Dungeon Overview and Level Annotations

Branches:
Dungeon (10/15)            Temple (0/1) D:6            Lair (1/5) D:10
    Orc: D:9-12

Altars:
Ashenzari
Fedhas
Gozag
Hepliaklqana
Kikubaaqudgha
Nemelex Xobeh
Okawaru
Qazlal
Ru
Sif Muna
Vehumet
Yredelemnul
Zin

Shops:
D:7 =   D:9 *

Annotations:
D:6 1 transporter, qw's ghost, novice DsCA
Lair:1 Sonja


Message History

The wight barely misses you.
You barely miss the wight. Your headbutt misses the wight.
The wight is moderately damaged.
The wight barely misses you. You furiously retaliate!
You headbutt the wight. You hit the wight.
The wight is heavily damaged.
The wight hits you with a +0 morningstar!
You slash the wight!
You destroy the wight!
Trog accepts your kill. The wight misses you.
You barely miss the reaper. The reaper barely misses you.
You furiously retaliate!
You headbutt the reaper, but do no damage.
The wight misses you. The reaper hits you but does no damage.
You hit the reaper.
The reaper is lightly wounded.
The wight hits you from afar with a +5 spear.
The reaper hits you with a +1 scythe of flaming!!
The reaper burns you.
You barely miss the reaper. You headbutt the reaper!
The reaper is lightly wounded.
The wight closely misses you.
The reaper hits you with a +1 scythe of flaming!
You slash the reaper!
You headbutt the reaper, but do no damage.
The reaper is moderately wounded.
The reaper hits you with a +1 scythe of flaming!!
The reaper burns you.
You closely miss the reaper. You headbutt the reaper!
The reaper is heavily wounded.
The reaper completely misses you.
You hit the reaper. You headbutt the reaper.
The reaper is heavily wounded.
The reaper completely misses you.
You closely miss the reaper.
The reaper is heavily wounded.
The reaper hits you with a +1 scythe of flaming!!
The reaper burns you.
You die...

# ....##. .. #..#.
# .#.#. #....... .
. . ###.... . .##.
#........2. #
#...... .. ###
#.....z .ยค...##
###...2### .....
#.....@#).##...
.....##.##.# .
#.#. .
##.....#......#..#
#...........#....
#.##........###
###... ........
.......#..... ..
...###.#.... #..
#. # .##


You could see a reaper and a wight.

Vanquished Creatures
  A two-headed ogre (D:10)
  A wretched star (Abyss:1)
  Pikel (D:8)
  5 elephants (Lair:1)
  A worldbinder (Abyss:1)
  A gargoyle (D:10)
  An unseen horror zombie (D:10)
  Psyche (D:7)
  A freezing wraith (Abyss:1)
  A kobold demonologist (Abyss:1)
  2 trolls (D:9)
  2 hornets
  A large abomination (Abyss:1)
  A shadow (D:9)
  A vampire (D:9)
  4 wyverns
  2 wraiths (D:9)
  9 yaks
  7 steam dragons
  Grum (D:8)
  Edmund (D:5)
  An acid dragon (D:10)
  A water moccasin (D:7)
  3 orc warriors
  3 black bears
  2 ogres
  3 wolves (D:8)
  2 centaurs
  A lemure (D:8)
  A gnoll sergeant (D:8)
  A bullfrog (D:9)
  3 scorpions
  4 necrophages
  10 wights
  7 killer bees (D:9)
  An electric eel (Lair:1)
  3 howler monkeys
  5 centaur zombies (D:10)
  2 jellies
  A hound (D:5)
  A human zombie (D:10)
  2 orc priests
  2 gnoll boudas
  An iron imp (Abyss:1)
  4 iguanas
  11 orc wizards
  A howler monkey zombie (D:10)
  12 gnolls
  11 adders
  A shadow imp (D:7)
  3 white imps
  An ufetubus (D:5)
  3 worms
  3 dart slugs (D:1)
  23 orcs
  6 endoplasms
  3 giant cockroaches
  7 goblins
  7 hobgoblins
  4 jackals (D:4)
  9 kobolds
  3 quokkas
  11 ball pythons
  3 bats (D:1)
  4 frilled lizards
  8 rats
243 creatures vanquished.

Vanquished Creatures (others)
  4 plants
4 creatures vanquished.

Grand Total: 247 creatures vanquished

Notes
Turn   | Place    | Note
-------+----------+-------------------------------------------
     0 | D:1      | qw the Minotaur Berserker began the quest for the Orb.
     0 | D:1      | Reached XP level 1. HP: 19/19 MP: 0/0
     0 | D:1      | 0 ||| qw: Version: 0.1-a-119-g272c26d
     0 | D:1      | 0 ||| qw: Game counter: 10629
     0 | D:1      | 0 ||| qw: Always use a shield: true
     0 | D:1      | 0 ||| qw: Do Orc after D:15 true
     0 | D:1      | 0 ||| qw: Do second Lair branch before Depths: true
     0 | D:1      | 0 ||| qw: Lair rune preference: random
     0 | D:1      | 0 ||| qw: Plans: Normal
     0 | D:1      | 0 ||| PLANNING D:1-11
   138 | D:1      | 138 ||| Stepping ~*~*~tactically~*~*~ (hiding).
   242 | D:1      | Reached skill level 4 in Axes
   278 | D:1      | Reached XP level 2. HP: 26/26 MP: 1/1
   385 | D:1      | 385 ||| Stepping ~*~*~tactically~*~*~ (stealth).
   393 | D:1      | 393 ||| Stepping ~*~*~tactically~*~*~ (stealth).
   395 | D:1      | 395 ||| Stepping ~*~*~tactically~*~*~ (stealth).
   396 | D:1      | 396 ||| Stepping ~*~*~tactically~*~*~ (stealth).
   717 | D:1      | 717 ||| DROPPING +0 whip.
   770 | D:1      | Reached skill level 5 in Axes
   770 | D:1      | 770 ||| INVOKING Berserk.
   997 | D:1      | Reached XP level 3. HP: 31/31 MP: 2/2
  1299 | D:1      | 1299 ||| UPGRADING to +6 ring of intelligence.
  1300 | D:1      | 1300 ||| UPGRADING to +4 ring of evasion.
  1301 | D:1      | 1301 ||| READING scroll labelled BODDUK MIJE.
  1301 | D:1      | Identified a scroll of acquirement
  1301 | D:1      | 1301 ||| ACQUIRING ring "Pust" {rElec Will+ Str+2 Int+5}
  1301 | D:1      | Acquired the ring "Pust" {rElec Will+ Str+2 Int+5}
  1303 | D:1      | 1303 ||| UPGRADING to ring "Pust" {rElec Will+ Str+2
                  | Int+5}.
  1305 | D:1      | 1305 ||| DROPPING +6 ring of intelligence.
  1306 | D:1      | 1306 ||| READING scroll labelled MUDUUSOBYC.
  1307 | D:1      | 1307 ||| READING scroll labelled QOJEBOAGOSM.
  1308 | D:1      | 1308 ||| READING 2 scrolls labelled OSULEKHOSY.
  1377 | D:2      | 1377 ||| INVOKING Berserk.
  1676 | D:2      | Found a faded altar of an unknown god.
  1890 | D:2      | Reached XP level 4. HP: 39/39 MP: 3/3
  1912 | D:2      | Reached skill level 6 in Axes
  2089 | D:2      | 2089 ||| UPGRADING to +0 ring mail.
  2099 | D:2      | 2099 ||| DROPPING +0 animal skin.
  2100 | D:2      | 2100 ||| DROPPING ring of magical power.
  2101 | D:2      | 2101 ||| READING scroll labelled QOP ZOEWI HUEM.
  2102 | D:2      | 2102 ||| READING scroll labelled JETYAF XOXOUS.
  2103 | D:2      | 2103 ||| READING scroll labelled EVEJOYTHR UMMIR.
  2405 | D:3      | 2405 ||| READING scroll of acquirement.
  2405 | D:3      | 2405 ||| ACQUIRING +0 pair of gloves of Qyckuw {rPois Dex+4
                  | Stlth-}
  2405 | D:3      | Acquired the +0 pair of gloves of Qyckuw {rPois Dex+4
                  | Stlth-}
  2407 | D:3      | 2407 ||| UPGRADING to +0 pair of gloves of Qyckuw {rPois
                  | Dex+4 Stlth-}.
  2427 | D:3      | Reached ** piety under Trog
  2483 | D:3      | Found a radiant altar of Vehumet.
  2647 | D:3      | 2647 ||| READING scroll of acquirement.
  2647 | D:3      | 2647 ||| ACQUIRING +2 crystal plate armour
  2647 | D:3      | Acquired a +2 crystal plate armour
  2649 | D:3      | 2649 ||| UPGRADING to +2 crystal plate armour.
  2659 | D:3      | 2659 ||| DROPPING +0 ring mail.
  2660 | D:3      | 2660 ||| READING scroll of enchant armour.
  2660 | D:3      | 2660 ||| ENCHANTING +2 crystal plate armour.
  3016 | D:3      | 3016 ||| READING scroll labelled UJAEPO EPSEA.
  3017 | D:3      | 3017 ||| READING scroll labelled FOICVI LAJETS.
  3018 | D:3      | 3018 ||| READING 3 scrolls of identify.
  3018 | D:3      | 3018 ||| IDENTIFYING bubbling golden potion
  3019 | D:3      | 3019 ||| READING 2 scrolls of identify.
  3019 | D:3      | 3019 ||| IDENTIFYING pink potion
  3020 | D:3      | 3020 ||| DROPPING potion of degeneration.
  3098 | D:4      | Reached skill level 3 in Armour
  3113 | D:4      | Noticed an orc warrior
  3114 | D:4      | 3114 ||| Stepping ~*~*~tactically~*~*~ (hiding).
  3115 | D:4      | 3115 ||| Stepping ~*~*~tactically~*~*~ (hiding).
  3115 | D:4      | Noticed an ogre
  3116 | D:4      | 3116 ||| INVOKING Berserk.
  3120 | D:4      | Killed an orc warrior
  3121 | D:4      | Reached skill level 7 in Axes
  3121 | D:4      | Reached XP level 5. HP: 45/45 MP: 4/4
  3126 | D:4      | Killed an ogre
  3127 | D:4      | Reached XP level 6. HP: 51/51 MP: 5/5
  3546 | D:4      | Found a sparkling altar of Nemelex Xobeh.
  3584 | D:4      | 3584 ||| Stepping ~*~*~tactically~*~*~ (stealth).
  3587 | D:4      | 3587 ||| Stepping ~*~*~tactically~*~*~ (stealth).
  3685 | D:4      | 3685 ||| Stepping ~*~*~tactically~*~*~ (stealth).
  3690 | D:4      | 3690 ||| Stepping ~*~*~tactically~*~*~ (hiding).
  3697 | D:4      | 3697 ||| INVOKING Berserk.
  3701 | D:4      | Reached skill level 8 in Axes
  3806 | D:4      | 3806 ||| DROPPING +0 whip of electrocution.
  3948 | D:4      | 3948 ||| Stepping ~*~*~tactically~*~*~ (stealth).
  4017 | D:5      | Entered Level 5 of the Dungeon
  4024 | D:5      | 4024 ||| STAIRDANCE
  4039 | D:4      | Reached XP level 7. HP: 51/59 MP: 6/6
  4107 | D:5      | 4107 ||| INVOKING Berserk.
  4114 | D:5      | 4114 ||| FLEEEEING.
  4115 | D:5      | 4115 ||| FLEEEEING.
  4116 | D:5      | 4116 ||| STAIRDANCE
  4257 | D:5      | Found a hazy altar of Hepliaklqana.
  4298 | D:5      | 4298 ||| INVOKING Berserk.
  4300 | D:5      | Reached skill level 9 in Axes
  4466 | D:5      | 4466 ||| Stepping ~*~*~tactically~*~*~ (stealth).
  4492 | D:5      | Found a broken altar of Ashenzari.
  4546 | D:5      | 4546 ||| READING 2 scrolls of identify.
  4546 | D:5      | 4546 ||| IDENTIFYING sedimented coppery potion
  4547 | D:5      | 4547 ||| DROPPING potion of invisibility.
  4548 | D:5      | 4548 ||| READING 3 scrolls of teleportation.
  4551 | D:5      | 4551 ||| READING 2 scrolls of teleportation.
  4556 | D:5      | 4556 ||| Stepping ~*~*~tactically~*~*~ (stealth).
  4560 | D:5      | 4560 ||| Stepping ~*~*~tactically~*~*~ (stealth).
  4562 | D:5      | 4562 ||| Stepping ~*~*~tactically~*~*~ (stealth).
  4573 | D:5      | 4573 ||| Stepping ~*~*~tactically~*~*~ (stealth).
  4629 | D:5      | 4629 ||| READING scroll of teleportation.
  4635 | D:5      | Noticed Edmund
  4636 | D:5      | 4636 ||| Stepping ~*~*~tactically~*~*~ (stealth).
  4641 | D:5      | 4641 ||| INVOKING Berserk.
  4652 | D:5      | Killed Edmund
  4653 | D:5      | Reached skill level 10 in Axes
  4653 | D:5      | Reached XP level 8. HP: 68/68 MP: 7/7
  4677 | D:5      | 4677 ||| FLEEEEING.
  4857 | D:5      | 4857 ||| Stepping ~*~*~tactically~*~*~ (stealth).
  4862 | D:5      | 4862 ||| Stepping ~*~*~tactically~*~*~ (hiding).
  4863 | D:5      | 4863 ||| Stepping ~*~*~tactically~*~*~ (hiding).
  4864 | D:5      | 4864 ||| Stepping ~*~*~tactically~*~*~ (hiding).
  5005 | D:5      | Reached skill level 6 in Armour
  5209 | D:5      | 5209 ||| UPGRADING to +0 buckler.
  5237 | D:6      | Reached *** piety under Trog
  5283 | D:6      | 5283 ||| Stepping ~*~*~tactically~*~*~ (stealth).
  5286 | D:6      | 5286 ||| Stepping ~*~*~tactically~*~*~ (stealth).
  5287 | D:6      | 5287 ||| Stepping ~*~*~tactically~*~*~ (stealth).
  5288 | D:6      | 5288 ||| Stepping ~*~*~tactically~*~*~ (stealth).
  5292 | D:6      | 5292 ||| INVOKING Berserk.
  5300 | D:6      | 5300 ||| Stepping ~*~*~tactically~*~*~ (hiding).
  5460 | D:6      | Reached skill level 3 in Shields
  5476 | D:6      | 5476 ||| FLEEEEING.
  5477 | D:6      | 5477 ||| FLEEEEING.
  5477 | D:6      | Found a staircase to the Ecumenical Temple.
  5478 | D:6      | 5478 ||| FLEEEEING.
  5479 | D:6      | 5479 ||| FLEEEEING.
  5480 | D:6      | 5480 ||| FLEEEEING.
  5481 | D:6      | 5481 ||| FLEEEEING.
  5482 | D:6      | 5482 ||| FLEEEEING.
  5483 | D:6      | 5483 ||| FLEEEEING.
  5484 | D:6      | 5484 ||| FLEEEEING.
  5485 | D:6      | 5485 ||| FLEEEEING.
  5486 | D:6      | 5486 ||| FLEEEEING.
  5487 | D:6      | 5487 ||| FLEEEEING.
  5488 | D:6      | 5488 ||| FLEEEEING.
  5489 | D:6      | 5489 ||| FLEEEEING.
  5490 | D:6      | 5490 ||| FLEEEEING.
  5491 | D:6      | 5491 ||| FLEEEEING.
  5492 | D:6      | 5492 ||| FLEEEEING.
  5493 | D:6      | 5493 ||| FLEEEEING.
  5494 | D:6      | 5494 ||| FLEEEEING.
  5495 | D:6      | 5495 ||| FLEEEEING.
  5496 | D:6      | 5496 ||| FLEEEEING.
  5511 | D:6      | Found a transporter.
  5511 | D:6      | Noticed qw's ghost (novice DsCA)
  5516 | D:6      | Identified the +4 dire flail of Wrongful Imprisonment
                  | {elec, *Slow +Blink Str+4 Dex+8}
  5516 | D:6      | Identified the +1 great mace of World Downfall {holy, Int+5
                  | Stlth+}
  5516 | D:6      | Noticed a two-headed ogre
  5734 | D:6      | 5734 ||| READING scroll labelled HETOLIA ZERR.
  5735 | D:6      | 5735 ||| DRINKING 2 smoky coppery potions.
  5786 | D:6      | 5786 ||| READING 2 scrolls of identify.
  5786 | D:6      | 5786 ||| IDENTIFYING sapphire potion
  5787 | D:6      | 5787 ||| DROPPING potion of ambrosia.
  5788 | D:6      | 5788 ||| DROPPING potion of lignification.
  5816 | D:7      | Found a blossoming altar of Fedhas.
  5865 | D:7      | 5865 ||| Stepping ~*~*~tactically~*~*~ (hiding).
  5866 | D:7      | 5866 ||| Stepping ~*~*~tactically~*~*~ (hiding).
  5872 | D:7      | 5872 ||| INVOKING Berserk.
  5887 | D:7      | Reached skill level 6 in Fighting
  6023 | D:7      | 6023 ||| Stepping ~*~*~tactically~*~*~ (hiding).
  6026 | D:7      | 6026 ||| INVOKING Berserk.
  6105 | D:7      | 6105 ||| Stepping ~*~*~tactically~*~*~ (stealth).
  6117 | D:7      | 6117 ||| INVOKING Berserk.
  6127 | D:7      | Reached skill level 11 in Axes
  6216 | D:7      | Found Cusukeoch's Jewellery Emporium.
  6218 | D:7      | 6218 ||| SHOPLISTING +4 ring of protection (540 gold, have
                  | 396).
  6218 | D:7      | 6218 ||| SHOPLISTING +6 ring of dexterity (540 gold, have
                  | 396).
  6218 | D:7      | 6218 ||| SHOPLISTING +6 ring of strength (540 gold, have
                  | 396).
  6218 | D:7      | 6218 ||| SHOPLISTING ring of Oroitubi {rElec rF+ Will++
                  | rCorr Int-3} (784 gold, have 396).
  6218 | D:7      | 6218 ||| BUYING ring of ice (375 gold).
  6218 | D:7      | Bought a ring of ice for 375 gold pieces
  6218 | D:7      | 6218 ||| SHOPLISTING ring of protection from fire (375
                  | gold, have 21).
  6354 | D:7      | 6354 ||| SWAPPING to +0 war axe.
  6355 | D:7      | 6355 ||| INVOKING Berserk.
  6461 | D:7      | 6461 ||| DROPPING +1 hand axe.
  6472 | D:7      | 6472 ||| INVOKING Berserk.
  6476 | D:7      | Reached XP level 9. HP: 75/75 MP: 8/8
  6739 | D:7      | 6739 ||| INVOKING Berserk.
  6740 | D:7      | 6740 ||| INVOKING Berserk.
  6976 | D:7      | Found an opulent altar of Gozag.
  7000 | D:7      | 7000 ||| UPGRADING to amulet of regeneration.
  7005 | D:7      | 7005 ||| READING scroll labelled XORCHA SOTYEMN.
  7006 | D:7      | 7006 ||| READING 3 scrolls of identify.
  7006 | D:7      | 7006 ||| IDENTIFYING lumpy black potion
  7007 | D:7      | 7007 ||| READING 2 scrolls of identify.
  7007 | D:7      | 7007 ||| IDENTIFYING bubbling ruby potion
  7008 | D:7      | 7008 ||| DROPPING potion of flight.
  7009 | D:7      | 7009 ||| DROPPING potion of attraction.
  7038 | D:8      | Noticed Psyche
  7059 | D:8      | 7059 ||| STAIRDANCE
  7067 | D:7      | Killed Psyche
  7205 | D:8      | Noticed Pikel
  7206 | D:8      | 7206 ||| Stepping ~*~*~tactically~*~*~ (stealth).
  7209 | D:8      | 7209 ||| INVOKING Berserk.
  7216 | D:8      | Killed Pikel
  7217 | D:8      | Reached skill level 12 in Axes
  7326 | D:8      | Identified the +8 glaive of Fortitude {protect, rPois rN+
                  | Int+4}
  7336 | D:8      | 7336 ||| READING scroll of enchant weapon.
  7336 | D:8      | 7336 ||| ENCHANTING +0 war axe.
  7413 | D:8      | 7413 ||| Stepping ~*~*~tactically~*~*~ (hiding).
  7426 | D:8      | Noticed Grum
  7430 | D:8      | 7430 ||| Stepping ~*~*~tactically~*~*~ (hiding).
  7433 | D:8      | 7433 ||| Stepping ~*~*~tactically~*~*~ (hiding).
  7437 | D:8      | 7437 ||| INVOKING Berserk.
  7440 | D:8      | Killed Grum
  7468 | D:8      | 7468 ||| Stepping ~*~*~tactically~*~*~ (stealth).
  7539 | D:8      | 7539 ||| Stepping ~*~*~tactically~*~*~ (stealth).
  7560 | D:8      | 7560 ||| Stepping ~*~*~tactically~*~*~ (hiding).
  7564 | D:8      | 7564 ||| INVOKING Berserk.
  7588 | D:8      | Reached skill level 13 in Axes
  7718 | D:8      | Reached skill level 3 in Dodging
  7718 | D:8      | Reached XP level 10. HP: 78/86 MP: 9/9
  7950 | D:8      | 7950 ||| UPGRADING to scarf of resistance.
  7955 | D:8      | 7955 ||| READING scroll labelled IDEZIA DYIKHUO.
  7956 | D:8      | 7956 ||| READING scroll labelled VEOQUNN UBIA.
  7976 | D:9      | 7976 ||| Stepping ~*~*~tactically~*~*~ (hiding).
  7977 | D:9      | 7977 ||| Stepping ~*~*~tactically~*~*~ (hiding).
  7978 | D:9      | 7978 ||| Stepping ~*~*~tactically~*~*~ (hiding).
  8012 | D:9      | 8012 ||| Stepping ~*~*~tactically~*~*~ (hiding).
  8013 | D:9      | 8013 ||| Stepping ~*~*~tactically~*~*~ (hiding).
  8015 | D:9      | 8015 ||| Stepping ~*~*~tactically~*~*~ (hiding).
  8016 | D:9      | 8016 ||| Stepping ~*~*~tactically~*~*~ (hiding).
  8017 | D:9      | 8017 ||| Stepping ~*~*~tactically~*~*~ (hiding).
  8131 | D:9      | Found an iron altar of Okawaru.
  8137 | D:9      | 8137 ||| INVOKING Berserk.
  8232 | D:9      | 8232 ||| Stepping ~*~*~tactically~*~*~ (stealth).
  8283 | D:9      | 8283 ||| INVOKING Berserk.
  8411 | D:9      | Reached skill level 9 in Armour
  8434 | D:9      | 8434 ||| INVOKING Berserk.
  8549 | D:9      | 8549 ||| Stepping ~*~*~tactically~*~*~ (hiding).
  8834 | D:9      | Found a sacrificial altar of Ru.
  8860 | D:9      | 8860 ||| INVOKING Berserk.
  9030 | D:9      | 9030 ||| Stepping ~*~*~tactically~*~*~ (stealth).
  9037 | D:9      | 9037 ||| INVOKING Berserk.
  9047 | D:9      | 9047 ||| Stepping ~*~*~tactically~*~*~ (stealth).
  9101 | D:9      | 9101 ||| FLEEEEING.
  9102 | D:9      | 9102 ||| FLEEEEING.
  9103 | D:9      | 9103 ||| FLEEEEING.
  9104 | D:9      | 9104 ||| FLEEEEING.
  9106 | D:9      | 9106 ||| FLEEEEING.
  9122 | D:9      | 9122 ||| INVOKING Berserk.
  9124 | D:9      | Reached skill level 14 in Axes
  9282 | D:9      | 9282 ||| INVOKING Berserk.
  9407 | D:9      | 9407 ||| READING scroll of enchant armour.
  9407 | D:9      | 9407 ||| ENCHANTING +3 crystal plate armour.
  9651 | D:9      | Found Fyomm's Overcharged Wands.
  9660 | D:9      | 9660 ||| SHOPLISTING wand of digging (11) (693 gold, have
                  | 210).
  9883 | D:9      | 9883 ||| DROPPING amulet of guardian spirit.
  9930 | D:10     | Entered Level 10 of the Dungeon
  9940 | D:10     | Found a stormy altar of Qazlal.
  9941 | D:10     | Noticed a gargoyle
  9943 | D:10     | 9943 ||| Stepping ~*~*~tactically~*~*~ (hiding).
  9954 | D:10     | Killed a gargoyle
  9955 | D:10     | Reached skill level 15 in Axes
 10076 | D:10     | Found an ancient bone altar of Kikubaaqudgha.
 10081 | D:10     | 10081 ||| READING scroll of enchant weapon.
 10081 | D:10     | 10081 ||| ENCHANTING +1 war axe.
 10085 | D:10     | Found a staircase to the Lair.
 10125 | D:10     | Found a glowing silver altar of Zin.
 10158 | D:10     | 10158 ||| INVOKING Berserk.
 10366 | D:10     | Found a shimmering blue altar of Sif Muna.
 10418 | D:10     | Reached XP level 11. HP: 95/95 MP: 10/10
 10604 | D:10     | Reached skill level 9 in Fighting
 10630 | D:10     | 10630 ||| Stepping ~*~*~tactically~*~*~ (stealth).
 10632 | D:10     | 10632 ||| Stepping ~*~*~tactically~*~*~ (stealth).
 10634 | D:10     | 10634 ||| Stepping ~*~*~tactically~*~*~ (stealth).
 10636 | D:10     | 10636 ||| Stepping ~*~*~tactically~*~*~ (stealth).
 10726 | D:10     | Noticed a two-headed ogre
 10731 | D:10     | 10731 ||| INVOKING Berserk.
 10733 | D:10     | Killed a two-headed ogre
 10965 | D:10     | 10965 ||| INVOKING Berserk.
 11075 | D:10     | 11075 ||| DROPPING +0 flail.
 11173 | D:10     | Reached **** piety under Trog
 11255 | D:10     | Reached skill level 16 in Axes
 11274 | D:10     | Found a basalt altar of Yredelemnul.
 11452 | D:10     | 11452 ||| PLANNING LAIR
 11452 | D:10     | 11452 ||| READING 3 scrolls of identify.
 11452 | D:10     | 11452 ||| IDENTIFYING ruby potion
 11453 | D:10     | 11453 ||| READING 2 scrolls of identify.
 11453 | D:10     | 11453 ||| IDENTIFYING amethyst potion
 11454 | D:10     | 11454 ||| DROPPING potion of magic.
 11476 | Lair:1   | Entered Level 1 of the Lair of Beasts
 11483 | Lair:1   | 11483 ||| INVOKING Berserk.
 11636 | Lair:1   | 11636 ||| INVOKING Berserk.
 11641 | Lair:1   | Reached skill level 6 in Shields
 11656 | Lair:1   | Noticed Sonja
 11673 | Abyss:1  | Cast into level 1 of the Abyss (Sonja)
 11711 | Abyss:1  | 11711 ||| DROPPING ring of ice.
 11948 | Abyss:1  | 11948 ||| Stepping ~*~*~tactically~*~*~ (stealth).
 11949 | Abyss:1  | 11949 ||| Stepping ~*~*~tactically~*~*~ (stealth).
 11956 | Abyss:1  | 11956 ||| Stepping ~*~*~tactically~*~*~ (stealth).
 11962 | Abyss:1  | Noticed a sun demon
 11969 | Abyss:1  | 11969 ||| INVOKING Berserk.
 11976 | Abyss:1  | 11976 ||| INVOKING Trog's Hand.
 12004 | Abyss:1  | 12004 ||| Stepping ~*~*~tactically~*~*~ (stealth).
 12018 | Abyss:1  | 12018 ||| INVOKING Trog's Hand.
 12049 | Abyss:1  | 12049 ||| Stepping ~*~*~tactically~*~*~ (stealth).
 12157 | Abyss:1  | Noticed a wretched star
 12159 | Abyss:1  | 12159 ||| Stepping ~*~*~tactically~*~*~ (hiding).
 12162 | Abyss:1  | Noticed a wolf spider
 12165 | Abyss:1  | 12165 ||| INVOKING Berserk.
 12175 | Abyss:1  | Killed a wretched star
 12183 | Abyss:1  | Noticed a reaper
 12184 | Abyss:1  | 12184 ||| Stepping ~*~*~tactically~*~*~ (stealth).
 12186 | Abyss:1  | 12186 ||| Stepping ~*~*~tactically~*~*~ (stealth).
 12188 | Abyss:1  | 12188 ||| Stepping ~*~*~tactically~*~*~ (stealth).
 12197 | Abyss:1  | HP: 23/99 [reaper/+1 scythe of flaming (28)]
 12200 | Abyss:1  | HP: 1/99 [reaper/+1 scythe of flaming (22)]
 12200 | Abyss:1  | Slain by a reaper

Levels and vault maps discovered:
D:1:      dpeg_arrival_stonehenge_8_columns, layout_basic
D:2:      layout_loops_ring, dreamdust_ecumenical_altar_statues
D:3:      layout_loops_corners, fiery_altar_vehumet,
          chequers_serial_rivers_marsh
D:4:      layout_gridville, nemelex_xobeh_ov_fountains_minmay
D:5:      layout_rooms, nicolae_ashenzari_skybound,
          mainiacjoe_overflow_small_starburst, serial_co_window_serial,
          co_window_corner_a, co_window_paths_b, co_window_of_opportunity_a,
          co_window_paths_a, co_window_corner_a, co_window_of_opportunity_b,
          co_window_unsneaky_path_c, co_window_corner_b,
          co_window_unsneaky_path_e, glass_columns_a, glass_columns_b,
          glass_columns_c, glass_columns_b, serial_park_tiny_2, st_stairs_2,
          uniq_edmund
D:6:      layout_cave_pools, temple_pool_b, gammafunk_ghost_smash
D:7:      layout_loops_ring, grunt_gozag_breadcrumbs, fedhas_ov_isle_minmay,
          serial_shops, shop
D:8:      layout_basic, uniq_pikel, uniq_grum, uniq_psyche
D:9:      minmay_thinvault, layout_layer_cave, okawaru_metal_pillars_1_2,
          nicolae_ru_great_annihilating_truth, nicolae_shop_overcharged_wands
D:10:     layout_cave_pods, amcnicky_altar_gilded,
          nicolae_sif_muna_condensation, lemuel_mausoleum_altar_yredelemnul,
          mainiacjoe_overflow_catch_the_wave, dpeg_oklobed_lair
Lair:1:   layout_cave_pods, nicolae_quartered_pool_super, grunt_megastairs_3,
          uniq_sonja
Abyss:1:  base: D:6, evilmike_abyss_exit_10

Skill      XL: |  1  2  3  4  5  6  7  8  9 10 11 |
---------------+----------------------------------+-----
Axes           | 4 5 7 8 10 11 13 15 16 | 16.0
Armour         | 3 4 5 7 8 9 11 | 11.0
Fighting       | 4 5 6 7 8 10 | 10.1
Shields        | 4 5 7 |  7.5
Throwing       | 2 |  2.9
Dodging        | 3 4 |  4.2

Action                   |  1- 3 |  4- 6 |  7- 9 | 10-12 || total
-------------------------+-------+-------+-------+-------++-------
Melee: Hand axe          |    66 |   110 |   181 |       ||   357
       Headbutt          |    13 |    17 |    67 |    96 ||   193
       Punch             |     1 |       |     5 |       ||     6
       War axe           |       |       |    83 |   340 ||   423
Throw: Boomerang         |       |       |    11 |    34 ||    45
Invok: Berserk           |     2 |     2 |    13 |    14 ||    31
       Trog's Hand       |       |       |       |     2 ||     2
  Use: Scroll            |     4 |    10 |    10 |     6 ||    30
       Potion            |       |       |     1 |       ||     1
 Stab: Paralysed         |       |       |       |     1 ||     1
Armor: Animal skin       |     9 |     1 |       |       ||    10
       Crystal plate arm |       |    30 |   165 |   191 ||   386
       Ring mail         |       |     4 |       |       ||     4
Dodge: Dodged            |    31 |    37 |    60 |   121 ||   249
Block: Buckler           |       |       |    26 |    71 ||    97

Table legend:
 A = Non-vault XP
 B = Vault XP
 C = Vault XP percentage of total XP
 D = Non-vault monster count
 E = Vault monster count
 F = Vault count percentage of total count
                 A         B        C        D         E       F
            +---------+---------+-------+---------+---------+-------
      Total |   13992 |    7107 |  33.7 |     201 |      41 |  16.9
            +---------+---------+-------+---------+---------+-------
        D:1 |      46 |       0 |   0.0 |      24 |       0 |   0.0
        D:2 |      55 |       0 |   0.0 |      19 |       0 |   0.0
        D:3 |      43 |       0 |   0.0 |      13 |       0 |   0.0
        D:4 |     596 |       0 |   0.0 |      29 |       0 |   0.0
        D:5 |     609 |     270 |  30.7 |      25 |       3 |  10.7
        D:6 |     285 |       0 |   0.0 |       6 |       0 |   0.0
        D:7 |    1160 |     379 |  24.6 |      16 |       1 |   5.9
        D:8 |    1188 |    1176 |  49.7 |      18 |       5 |  21.7
        D:9 |    1680 |    2592 |  60.7 |      16 |      20 |  55.6
       D:10 |    3480 |    2690 |  43.6 |      20 |      12 |  37.5
     Lair:1 |    2587 |       0 |   0.0 |       7 |       0 |   0.0
    Abyss:1 |    2263 |       0 |   0.0 |       8 |       0 |   0.0
            +---------+---------+-------+---------+---------+-------
